 Seeded DCSS version 0.27.1 (webtiles) character file.

Game seed: 7 (custom seed)

70 a11behringer the Slasher (level 4, -1/55 HPs)
             Began as a Palentonga Fighter on Aug 26, 2021.
             Splashed by Ijyb's acid (5 damage)
             ... on level 3 of the Dungeon.
             The game lasted 00:11:48 (1871 turns).

a11behringer the Slasher (Palentonga Fighter)       Turns: 1871, Time: 00:11:48

Health: -1/55      AC: 22    Str: 20    XL:     4   Next: 3%
Magic:  4/4        EV:  1    Int:  8    God:
Gold:   15         SH:  8    Dex: 10    Spells: 3/3 levels left

rFire    + . .     SeeInvis +   a - +0 long sword
rCold    . . .     Faith    .   c - +0 kite shield
rNeg     + + +     Spirit   .   (armour currently unavailable)
rPois    +         Reflect  .   (helmet currently unavailable)
rElec    .         Harm     .   (cloak currently unavailable)
rCorr    +         Rampage  .   (gloves currently unavailable)
Will     .....     NoTele   +   (no barding)
Stlth    +.........             (no amulet)
HPRegen  0.18/turn              n - ring of resist corrosion
MPRegen  0.09/turn              k - ring of protection from fire

@: tree-form
A: stationary, stasis, torment immunity, boosted hp, large, rugged brown scales
3, see invisible, (deformed body), (roll 1), (armoured tail)
a: no special abilities


You were on level 3 of the Dungeon.
You were a tree.
You visited 1 branch of the dungeon, and saw 3 of its levels.

You collected 185 gold pieces.
You spent 170 gold pieces at shops.

Inventory:

Hand Weapons
 a - a +0 long sword (weapon)
Armour
 b - a +1 scale mail (melded)
 c - a +0 kite shield (worn)
 i - a +2 hat of see invisible (melded)
Jewellery
 g - a ring of fire
 j - the ring "Ikoheaf" {Drain rC+++ MP+9 Str+6 SInv}
   (You bought it in a shop on level 2 of the Dungeon)

   [ring of strength]

   Str:       It affects your strength (+6).
   rC:        It renders you almost immune to cold.
   MP:        It affects your magic capacity (+9).
   SInv:      It lets you see invisible.
   Drain:     It drains your maximum health when unequipped.
 k - a ring of protection from fire (right branch)
 n - a ring of resist corrosion (left branch)
Scrolls
 e - a scroll of enchant armour
 l - a scroll of identify
Potions
 d - a potion of might
 f - a potion of degeneration
 h - a potion of mutation
 m - a potion of lignification


   Skills:
 - Level 3.1 Fighting
 * Level 3.9 Long Blades
 - Level 2.6 Armour
 + Level 0.1 Dodging
 + Level 0.1 Stealth
 - Level 2.5 Shields


You had 3 spell levels left.
You didn't know any spells.
Your spell library was empty.

Dungeon Overview and Level Annotations

Branches:
Dungeon (3/15)

Altars:

Shops:
D:2 *

Annotations:
D:3 Ijyb


Innate Abilities, Weirdness & Mutations

You are a tree.
Your roots penetrate the ground, keeping you stationary.
You cannot be teleported.
You are immune to unholy pain and torment.
Your maximum health is greatly increased.
Your equipment is partially melded.
(You are completely covered in rugged brown scales. (AC +3, +7% HP))
You have supernaturally acute eyesight. (SInv)
((Armour fits poorly on your strangely shaped body.))
((You can roll at nearby foes to attack.))
((You have a long armoured tail.))


Message History

Ijyb the Twisted Goblin comes into view.
She is wielding a +0 club, wearing a +0 leather armour of cold resistance and carrying a wand of acid (7).
A goblin is nearby!
A goblin is nearby!
Items here: )))))) †††.
A goblin is nearby!
Roll where?
Press: ? - help, Q - select action Dir - move target, f - goblin
Aim: a goblin, wielding a +0 dagger You roll forward with a clatter of scales!
You barely miss the goblin.
Your tail-slap misses the goblin.
You block the goblin's attack.
You slash the goblin!
You kill the goblin!
You barely miss the goblin. The goblin hits you but does no damage.
You completely miss Ijyb.
Your tail-slap misses Ijyb.
Ijyb zaps a wand.
The bolt of acid hits you! You resist.
You are splashed with acid.
You resist.
You hit Ijyb but do no damage.
Your tail-slap misses Ijyb.
Ijyb hits you but does no damage.
You miss Ijyb. You block Ijyb's attack.
Ijyb grins evilly.
Ijyb hits you with a +0 club.
You closely miss Ijyb. You block Ijyb's attack.
You hit Ijyb.
Ijyb is moderately wounded.
Ijyb zaps a wand.
The bolt of acid hits you! You resist.
* * * LOW HITPOINT WARNING * * *
You are splashed with acid.
You resist.
* * * LOW HITPOINT WARNING * * *
Ijyb hits you but does no damage.
It was a potion of lignification.
You turn into a tree.
Your +2 hat of see invisible melds into your body.
Your +1 scale mail melds into your body.
Your roots penetrate the ground.
Ijyb hits you but does no damage.
You miss Ijyb.
Ijyb is moderately wounded.
Ijyb zaps a wand.
The bolt of acid hits you. You resist.
* * * LOW HITPOINT WARNING * * *
You are splashed with acid.
You resist.
You die...

##...........#.# #.#
##...##....###.#####.#
.#...##....# #.#.....#
.#...##....# #.#.#######
.#...####..# #......<..#
##...####..#####....##.#
.......................#
##...........###############.
.#..........gggg♣)...........
.#...#.......################
.#.###.......# ...........>.#
...#.........##########
####..#####.g..........
####..#####............
.........##............
.........##............


You could see Ijyb and 3 goblins.

Vanquished Creatures
  An adder (D:2)
  2 worms (D:2)
  2 dart slugs (D:1)
  2 bats
  2 endoplasms (D:1)
  A giant cockroach (D:2)
  9 goblins
  2 hobgoblins
  6 jackals
  2 ball pythons
  3 frilled lizards
  6 kobolds
  10 rats
48 creatures vanquished.

Notes
Turn   | Place    | Note
-------+----------+-------------------------------------------
     0 | D:1      | a11behringer the Palentonga Fighter began the quest for the
                  | Orb.
     0 | D:1      | Reached XP level 1. HP: 19/19 MP: 1/1
   302 | D:1      | Reached XP level 2. HP: 25/25 MP: 2/2
   731 | D:2      | Reached XP level 3. HP: 24/31 MP: 3/3
  1231 | D:2      | Found Ogruuwn's Assorted Antiques.
  1253 | D:2      | Bought a heavily runed steel ring for 85 gold pieces
  1253 | D:2      | Identified the ring "Ikoheaf" {Drain rC+++ MP+9 Str+6 SInv}
                  | (You bought it in a shop on level 2 of the Dungeon)
  1253 | D:2      | Bought a runed glass ring for 85 gold pieces
  1716 | D:3      | Reached XP level 4. HP: 23/37 MP: 4/4
  1840 | D:3      | Noticed Ijyb
  1871 | D:3      | Splashed by Ijyb's acid

Illustrated notes

Levels and vault maps discovered:
D:1:      lightli_molten_gateway, layout_loops_ring
D:2:      layout_basic, serial_shops, nicolae_shop_crystal,
          hangedman_decor_growths, st_stairs_10, minmay_rat_gold_closets
D:3:      kennysheep_the_goblin_king, layout_basic,
          shapermc_ecumenical_altar_mp_urbaneastern, uniq_ijyb, uniq_robin

Skill      XL: |  1  2 |
---------------+-------+-----
Long Blades    | 3 |  3.9
Fighting       | |  3.1
Armour         | |  2.6
Dodging        | |  0.1
Stealth        | |  0.1
Shields        | |  2.5

Action                   |  1- 3 |  4- 6 || total
-------------------------+-------+-------++-------
Melee: Long sword        |   120 |     9 ||   129
       Tailslap          |    13 |       ||    13
 Abil: Rolling Charge    |     4 |     1 ||     5
  Use: Scroll            |     6 |       ||     6
       Potion            |       |     1 ||     1
Armor: Scale mail        |    69 |     3 ||    72
       Skin              |       |     1 ||     1
Dodge: Dodged            |    24 |       ||    24
Block: Kite shield       |    51 |     3 ||    54
       Rpst.: Long sword |     9 |       ||     9
